 Dungeon Crawl Stone Soup version 0.27-a0-25-g087482e4d5 (webtiles) character file.

Game seed: 2188879400575658489

214 DocSulfur the Vexing (level 6, -3/32 HPs)
             Began as a Kobold Enchanter on Jan 3, 2021.
             Killed from afar by Sigmund (18 damage)
             ... with a puff of flame
             ... on level 1 of the Dungeon.
             The game lasted 00:18:23 (3991 turns).

DocSulfur the Vexing (Kobold Enchanter)             Turns: 3991, Time: 00:18:24

Health: -3/32      AC:  3    Str:  6    XL:     6   Next: 14%
Magic:  2/10       EV: 19    Int: 16    God:
Gold:   122        SH:  0    Dex: 17    Spells: 2/11 levels left

rFire    x . .     SeeInvis .   a - +1 dagger
rCold    + . .     Faith    .   (shield restricted)
rNeg     . . .     Spirit   .   b - +0 robe
rPois    .         Reflect  .   o - +0 helmet
rElec    .         Harm     .   (no cloak)
rCorr    .         Rampage  .   (no gloves)
Will     .....                  (no boots)
Stlth    ++++......             (no amulet)
HPRegen  0.10/turn              f - +4 ring of evasion
MPRegen  0.12/turn              k - ring of ice

@: no status effects
A: small, nightstalker 3
a: no special abilities


You were on level 1 of the Dungeon.
You visited 1 branch of the dungeon, and saw 4 of its levels.

You collected 122 gold pieces.

Inventory:

Hand Weapons
 a - a +1 dagger (weapon)
Missiles
 t - 17 poisoned darts (quivered)
Armour
 b - a +0 robe (worn)
 l - +0 ice dragon scales
 o - a +0 helmet (worn)
Jewellery
 f - a +4 ring of evasion (left hand)
 k - a ring of ice (right hand)
Scrolls
 d - 2 scrolls of teleportation
 e - 2 scrolls of remove curse
 g - a scroll of random uselessness
 m - 2 scrolls of fog
 r - a scroll of amnesia
 s - 2 scrolls of magic mapping {unknown}
 u - a scroll of noise {unknown}
Potions
 c - a potion of resistance
 h - a potion of flight
 i - a potion of ambrosia {unknown}
 j - a potion of heal wounds {unknown}
 n - a potion of cancellation {unknown}
 p - a potion of degeneration {unknown}
 q - 2 potions of invisibility {unknown}
 v - a potion of haste
 w - a potion of curing {unknown}
 x - a potion of might {unknown}
 z - a potion of magic {unknown}


   Skills:
 - Level 1.3 Short Blades
 - Level 2.4 Dodging
 - Level 4.1 Stealth
 + Level 3.1 Spellcasting
 + Level 1.8 Conjurations
 * Level 4.4 Hexes
 * Level 2.9 Ice Magic


You had 2 spell levels left.
You knew the following spells:

 Your Spells              Type           Power        Failure   Level
a - Corona                Hex            17%          3%          1
b - Ensorcelled Hibernat  Hex/Ice        42%          6%          2
c - Tukima's Dance        Hex            16%          9%          3
d - Confusing Touch       Hex            16%          9%          3

Your spell library contained the following spells:

 Spells                   Type           Power        Failure   Level
 Dazzling Flash           Conj/Hex       24%          16%         3


Dungeon Overview and Level Annotations

Branches:
Dungeon (4/15)
 Temple: D:4-7

Altars:

Shops:
D:4 (

Annotations:
D:1 Sigmund


Innate Abilities, Weirdness & Mutations

You are small and have problems with some larger weapons.
You are completely attuned to the shadows.


Message History

Sigmund is severely wounded.
Sigmund completely misses you.
You hit Sigmund.
Sigmund is severely wounded.
Sigmund laughs at nothing.
You hit Sigmund.
Sigmund is severely wounded.
Sigmund hits you.
You hit Sigmund.
Sigmund is severely wounded.
You hit Sigmund but do no damage.
Sigmund is severely wounded.
Sigmund stops glowing.
Sigmund closely misses you.
You hit Sigmund but do no damage.
Sigmund is severely wounded.
Sigmund seems less confused.
Sigmund misses you. Sigmund gestures at you while chanting.
The puff of flame hits you!! The fire burns you terribly!
Ouch! That really hurt!
You die...

#.### #.....# #.>### #.#
##..### #....##
#.###########..# ##.#.#.##
#..)...........#####.#####.#
##############..).##.# #.#
#...............#.## ##.#
#.########..(.@..#.###.###
#.# #...............# #.#
#...@...##..###.##### #.#
##.....###..# #...... #.#
##...####..# ####### #.#
##.#......# ####.#
#.#.####.# .....#
#####.#......# ######
#.....######.#########
#.##### #.......... #.#
#..........


You could see Sigmund.

Vanquished Creatures
  An ogre (D:2)
  A worker ant (D:4)
  4 adders (D:2)
  A shadow imp (D:3)
  3 worms (D:2)
  3 dart slugs (D:2)
  A leopard gecko (D:1)
  4 bats
  3 giant cockroaches
  6 hobgoblins
  2 jackals (D:3)
  2 quokkas
  A ball python (D:2)
  3 frilled lizards
  7 goblins
  A jackal skeleton (D:2)
  8 kobolds
  4 rats
55 creatures vanquished.

Vanquished Creatures (others)
  A dancing weapon (D:2)
1 creature vanquished.

Grand Total: 56 creatures vanquished

Notes
Turn   | Place    | Note
-------+----------+-------------------------------------------
     0 | D:1      | DocSulfur the Kobold Enchanter began the quest for the Orb.
     0 | D:1      | Reached XP level 1. HP: 10/10 MP: 3/3
   282 | D:1      | Reached XP level 2. HP: 15/15 MP: 5/5
  1053 | D:2      | Noticed Sigmund
  1260 | D:2      | Reached skill level 1 in Ice Magic
  1260 | D:2      | Reached XP level 3. HP: 19/19 MP: 6/6
  1270 | D:2      | Learned a level 2 spell: Ensorcelled Hibernation
  1284 | D:2      | Learned a level 3 spell: Tukima's Dance
  1911 | D:3      | Reached XP level 4. HP: 20/24 MP: 2/7
  1928 | D:3      | Reached skill level 1 in Conjurations
  2190 | D:3      | Noticed an ice beast
  2259 | D:4      | Noticed a centaur
  2315 | D:4      | Found Giseann Defo's Weapon Shop.
  2518 | D:4      | Noticed an ogre
  2975 | D:2      | Reached XP level 5. HP: 28/28 MP: 9/9
  3223 | D:2      | Noticed an ogre
  3248 | D:2      | Killed an ogre
  3265 | D:2      | Reached XP level 6. HP: 24/32 MP: 3/10
  3895 | D:2      | Learned a level 3 spell: Confusing Touch
  3991 | D:1      | Killed from afar by Sigmund

Illustrated notes

Levels and vault maps discovered:
D:1:      kennysheep_arrival_seaside, layout_loops_ring, serial_park_tiny_2
D:2:      layout_basic, uniq_sigmund
D:3:      layout_basic
D:4:      layout_loops_corners, serial_shops, shop, bh_walls_and_bars

Skill      XL: |  1  2  3  4  5 |
---------------+----------------+-----
Ice Magic      | 1 2 |  2.9
Conjurations   | 1 |  1.8
Spellcasting   | 3 |  3.1
Hexes          | 4 |  4.4
Short Blades   | |  1.3
Dodging        | |  2.4
Stealth        | |  4.1

Action                   |  1- 3 |  4- 6 || total
-------------------------+-------+-------++-------
Melee: Dagger            |    85 |    78 ||   163
Throw: Dart              |       |     5 ||     5
 Cast: Corona            |     7 |    12 ||    19
       Ensorcelled Hiber |     5 |    22 ||    27
       Tukima's Dance    |       |     1 ||     1
       Confusing Touch   |       |     1 ||     1
  Use: Scroll            |       |     8 ||     8
       Potion            |       |     1 ||     1
 Stab: Sleeping          |    19 |    21 ||    40
       Distracted        |       |     1 ||     1
Armor: Robe              |    10 |     6 ||    16
Dodge: Dodged            |    66 |    76 ||   142

Table legend: (Time is in decaauts)
 A = Elapsed time spent in this place.
 B = Non-inter-level travel time spent in this place.
 C = Inter-level travel time spent in this place.
 D = Time resting spent in this place.
 E = Time spent auto-exploring this place.
 F = Levels seen in this place.
 G = Mean time per level.
                   A        B        C        D        E       F      G
               +--------+--------+--------+--------+--------+-----+--------+
         Total |   3993 |   3842 |    151 |    612 |   1795 |   4 |  998.2 |
       Dungeon |   3993 |   3842 |    151 |    612 |   1795 |   4 |  998.2 |
               +--------+--------+--------+--------+--------+-----+--------+

Top non-repeatable levels by time:
     D:1: 1572 daAuts
     D:2: 1333 daAuts
     D:3: 781 daAuts
     D:4: 306 daAuts
